 Dungeon Crawl Stone Soup version 0.19-a0-1008-g4c63d25 (webtiles) character file.

1761 lorenzova the Jinx (level 8, -9/36 HPs)
             Began as a Spriggan Enchanter on July 23, 2016.
             Was a Follower of Dithmenos.
             Mangled by an orc warrior
             ... wielding a +0 halberd
              (21 damage)
             ... on level 7 of the Dungeon.
             The game lasted 00:10:17 (6670 turns).

lorenzova the Jinx (Spriggan Enchanter)             Turns: 6670, Time: 00:10:20

Health: -9/36      AC:  4    Str:  5    XL:     8   Next: 79%
Magic:  16/19      EV: 18    Int: 17    God:    Dithmenos [*.....]
Gold:   279        SH:  0    Dex: 20    Spells: 3 memorised, 15 levels left

rFire  . . .     SeeInvis +     w - +0 dagger (venom)
rCold  . . .     Gourm    .     b - +1 robe
rNeg   . . .     Faith    .     (shield restricted)
rPois  .         Spirit   .     (helmet restricted)
rElec  .         Dismiss  .     E - +0 cloak
rCorr  .         Reflect  .     (gloves unavailable)
SustAt .         Harm     .     (boots unavailable)
MR     +....                    (no amulet)
Stlth  +++++++...               s - ring of stealth
                                r - +3 ring of dexterity

@: wreathed by umbra, very quick, somewhat resistant to hostile enchantments,
extremely stealthy
A: unfitting armour, see invisible, herbivore 3, speed 3, slow metabolism 2
a: Renounce Religion


You were on level 7 of the Dungeon.
You worshipped Dithmenos.
Dithmenos was aware of your devotion.
You were not hungry.

You visited 2 branches of the dungeon, and saw 8 of its levels.

You collected 337 gold pieces.
You spent 58 gold pieces at shops.

Inventory:

Hand Weapons
 w - a +0 dagger of venom (weapon)
Armour
 b - a +1 robe (worn)
 E - a +0 cloak (worn)
Jewellery
 r - a +3 ring of dexterity (left hand)
 s - a ring of stealth (right hand)
Wands
 i - a wand of lightning (7/15)
 A - a wand of polymorph (10/24)
 C - a wand of polymorph (13/24)
 F - a wand of slowing (23/48)
Scrolls
 a - a scroll of amnesia {unknown}
 e - 9 scrolls of remove curse
 f - a scroll of magic mapping {unknown}
 k - a scroll of enchant weapon {unknown}
 l - 2 scrolls of identify
 n - 3 scrolls of teleportation {unknown}
 o - 3 scrolls of fear
 q - 4 scrolls of blinking {unknown}
 u - 2 scrolls of immolation {unknown}
 y - a scroll of recharging {unknown}
 z - 3 scrolls of enchant armour {unknown}
Potions
 g - 2 potions of magic {unknown}
 h - a potion of might {unknown}
 j - a potion of invisibility {unknown}
 m - 3 potions of curing {unknown}
 p - a potion of brilliance {unknown}
 t - a potion of degeneration {unknown}
 v - a potion of heal wounds {unknown}
 B - a potion of ambrosia {unknown}
 D - a potion of flight {unknown}
Books
 c - a book of Maledictions

   Spells                             Type                      Level
   a - Corona                         Hexes                        1
   b - Ensorcelled Hibernation        Hexes/Ice                    2
   c - Confuse                        Hexes                        3
   d - Tukima's Dance                 Hexes                        3
   e - Dazzling Spray                 Conjuration/Hexes            3
Comestibles
 d - 8 bread rations
 x - 3 fruits


   Skills:
 - Level 1.1 Short Blades
 - Level 3.0 Dodging
 + Level 9.8 Stealth
 + Level 7.1 Spellcasting
 * Level 10.3 Hexes


You had 15 spell levels left.
You knew the following spells:

 Your Spells              Type           Power        Failure   Level  Hunger
a - Corona                Hex            #####..      1%          1    None
b - Ensorcelled Hibernat  Hex/Ice        ###...       2%          2    None
c - Confuse               Hex            #####...     1%          3    ##.....


Dungeon Overview and Level Annotations

Branches:
Dungeon (7/15)             Temple (1/1) D:5

Altars:
Cheibriados
Dithmenos
Elyvilon
Fedhas
Kikubaaqudgha
Makhleb
Nemelex Xobeh
Pakellas
Sif Muna
Trog
Uskayaw
Vehumet
Xom
Yredelemnul

Shops:
D:5 (


Innate Abilities, Weirdness & Mutations

You are tiny and cannot use many weapons and most armour.
You have supernaturally acute eyesight. (SInv)
You are a herbivore.
You cover ground extremely quickly.
You need consume almost no food.


Message History

The orc priest closely misses you.
Casting: Confuse
Confirm with . or Enter, or press ? or * to list all spells.
Aiming: Confuse
Press: ? - help, Shift-Dir - straight line, f - orc priest
Aim: an orc priest (umbra, chance to defeat MR: 67%)
The orc priest appears confused.
The orc warrior shouts!
The orc shouts!
The orc warrior completely misses you.
The orc priest hits the orc warrior.
You hit the orc priest.
The orc priest is poisoned.
The orc priest is lightly wounded.
The orc warrior hits you from afar with a halberd!
The orc priest hits the orc warrior.
You hit the orc priest.
The orc priest looks even sicker.
The orc priest is heavily wounded.
The orc priest calls down the wrath of Beogh upon you.
Beogh smites you!
The orc priest hits the orc warrior.
The orc warrior hits you from afar with a halberd!!
Ouch! That really hurt!
You die...

.......#.###.#
.......#.#...
.....###.#.#####
.....# #....<..###
.....#####.#.....#
#######........#.#
#.#.#....#.# #
#......#.#
#.##.#.#@#
#.##.#.#o#
#....#.#o#
######.#o# #.#o#
#.#.# ..#=# ###.#


You could see an orc warrior, 2 orc priests and an orc.

Vanquished Creatures
  Eustachio (D:6)
  An ice beast (D:5)
  A sky beast (D:6)
  A phantom (D:6)
  2 centaurs
  A giant frog (D:6)
  3 scorpions
  A howler monkey (D:4)
  A crimson imp (D:6)
  A jelly (D:6)
  A gnoll shaman (D:6)
  5 hounds
  3 orc priests
  Crazy Yiuf (D:6)
  4 orc wizards
  Ijyb (D:3)
  4 iguanas
  3 worker ants
  A killer bee zombie (D:6)
  10 adders
  4 gnolls (D:6)
  A shadow imp (D:7)
  An adder zombie (D:6)
  An adder skeleton (D:6)
  2 worms (D:2)
  3 dart slugs
  2 giant geckos
  20 orcs
  2 ball pythons
  4 giant cockroaches
  4 goblins
  8 hobgoblins
  12 jackals
  2 kobolds
  3 quokkas
  4 bats
  3 giant newts
  2 quokka skeletons
  5 rats
129 creatures vanquished.

Notes
Turn   | Place    | Note
-------+----------+-------------------------------------------
     0 | D:1      | lorenzova the Spriggan Enchanter began the quest for the Orb.
     0 | D:1      | Reached XP level 1. HP: 9/9 MP: 5/5
   139 | D:1      | Reached skill level 4 in Hexes
   157 | D:1      | Reached XP level 2. HP: 13/13 MP: 6/6
   161 | D:1      | Learned a level 2 spell: Ensorcelled Hibernation
  1291 | D:2      | Reached skill level 5 in Stealth
  1291 | D:2      | Reached XP level 3. HP: 16/16 MP: 4/8
  1299 | D:2      | Learned a level 3 spell: Confuse
  1604 | D:2      | Found a radiant altar of Vehumet.
  1609 | D:2      | Found an ancient bone altar of Kikubaaqudgha.
  1814 | D:2      | Reached skill level 5 in Hexes
  2104 | D:2      | Reached XP level 4. HP: 14/21 MP: 0/9
  2421 | D:3      | Noticed Ijyb
  2425 | D:3      | Killed Ijyb
  2425 | D:3      | Reached XP level 5. HP: 24/24 MP: 11/11
  2701 | D:3      | Found a snail-covered altar of Cheibriados.
  3125 | D:3      | Reached skill level 6 in Hexes
  3517 | D:4      | Reached XP level 6. HP: 28/28 MP: 13/13
  3710 | D:4      | Reached skill level 7 in Hexes
  3835 | D:5      | Entered Level 5 of the Dungeon
  3914 | D:5      | Noticed an ice beast
  3921 | D:5      | Killed an ice beast
  3966 | D:5      | Reached XP level 7. HP: 32/32 MP: 15/15
  4112 | D:5      | Reached skill level 5 in Spellcasting
  4185 | D:5      | Found a burning altar of Makhleb.
  4223 | D:5      | Found a staircase to the Ecumenical Temple.
  4271 | Temple   | Entered the Ecumenical Temple
  4317 | Temple   | Became a worshipper of Dithmenos the Shadowed
  4438 | D:5      | Found Zoitz's Antique Weapon Shoppe.
  4446 | D:5      | Bought a runed dagger for 58 gold pieces
  4569 | D:5      | Reached skill level 8 in Hexes
  5222 | D:6      | Reached skill level 9 in Hexes
  5222 | D:6      | Reached XP level 8. HP: 27/36 MP: 11/17
  5558 | D:6      | Noticed Eustachio
  5571 | D:6      | Killed Eustachio
  5679 | D:6      | Found a white marble altar of Elyvilon.
  5744 | D:6      | Reached skill level 10 in Hexes
  6020 | D:6      | Reached * piety under Dithmenos
  6122 | D:6      | Found a basalt altar of Yredelemnul.
  6229 | D:6      | Found a runed door.
  6293 | D:6      | Noticed Crazy Yiuf
  6326 | D:6      | Killed Crazy Yiuf
  6670 | D:7      | Mangled by an orc warrior

Vault maps used:
D:1:      tarquinn_simple_flora_water_a
D:2:      grunt_temple_overflow_open
D:3:      kennysheep_slug_shrine, uniq_iyjb
D:5:      makhleb_heckhound_becter, first_bread, serial_shops, shop,
          hangedman_decor_peaks_small
D:6:      kennysheep_ying_yang, minmay_misc_feat_rugged,
          uniq_crazy_yiuf_cottage, uniq_eustachio
Temple:   eino_temple_scatter_basement

Skill      XL: |  1  2  3  4  5  6  7  8 |
---------------+-------------------------+-----
Hexes          | 4 5 6 7 9 10 | 10.3
Stealth        | 5 6 7 8 9 |  9.8
Spellcasting   | 3 4 5 7 |  7.1
Short Blades   | |  1.1
Dodging        | |  3.0

Action                   |  1- 3 |  4- 6 |  7- 9 || total
-------------------------+-------+-------+-------++-------
Melee: Dagger            |   151 |   126 |   191 ||   468
 Cast: Corona            |     4 |       |       ||     4
       Ensorcelled Hiber |    10 |    15 |     5 ||    30
       Confuse           |       |     4 |    22 ||    26
  Use: Scroll            |       |       |     3 ||     3
 Stab: Sleeping          |    20 |    21 |    23 ||    64
       Confused          |       |     1 |    11 ||    12
       Distracted        |       |       |     1 ||     1
  Eat: Fruit             |       |     6 |       ||     6
       Pizza             |       |     1 |       ||     1
Armor: Robe              |    20 |    10 |    10 ||    40
Dodge: Dodged            |   116 |   119 |   119 ||   354
